 Dungeon Crawl Stone Soup version 0.31-a0-516-gfcb59812bd (webtiles) character file.

Game seed: 16851214541024183640

10 Morbidden the Trooper (level 2, 23/24 HPs)
             Began as a Demonspawn Fighter on Aug 10, 2023.
             Quit the game on level 1 of the Dungeon.
             The game lasted 00:00:12 (274 turns).

Morbidden the Trooper (Demonspawn Fighter)           Turns: 274, Time: 00:00:13

Health: 23/24      AC:  6    Str: 16    XL:     2   Next: 10%
Magic:  2/2        EV:  8    Int:  9    God:
Gold:   0          SH:  4    Dex: 12    Spells: 1/1 levels left

rFire   . . .        a - +0 war axe
rCold   . . .        c - +0 buckler
rNeg    . . .        b - +0 scale mail
rPois   .            (no helmet)
rElec   .            (no cloak)
rCorr   .            (no gloves)
SInv    .            (no boots)
Will    .....        (no amulet) Stlth
                     (no ring)
HPRegen 0.24/turn    (no ring)
MPRegen 0.08/turn

%: no passive effects
@: no status effects
A: demonic guardian 1
a: no special abilities


You were on level 1 of the Dungeon.
You visited 1 branch of the dungeon, and saw 1 of its levels.

Inventory:

Hand Weapons
 a - a +0 war axe (weapon)
Armour
 b - a +0 scale mail (worn)
 c - a +0 buckler (worn)
Potions
 d - a potion of might


   Skills:
 + Level 3.1 Fighting
 + Level 2.1 Axes
 + Level 2.7 Armour
 + Level 2.9 Shields


You had one spell level left.
You didn't know any spells.
Your spell library was empty.

Dungeon Overview and Level Annotations

Branches:
Dungeon (1/15)

Altars:


Innate Abilities, Weirdness & Mutations

A weak demonic guardian rushes to your aid.


Message History

You closely miss the bat. The bat closely misses you. x2
Unknown command.
There are monsters nearby!
You miss the bat. The bat hits you but does no damage.
Unknown command.
There are monsters nearby!
You slash the endoplasm!
You kill the endoplasm!
You barely miss the bat. The bat closely misses you.
The bat hits you but does no damage.
Your Axes skill increases to level 2!
You have reached level 2!
Your demonic ancestry asserts itself...
You feel the presence of a demonic guardian.
Unknown command.
You closely miss the frilled lizard.
The frilled lizard bites you but does no damage.
The bat barely misses you.
There are monsters nearby!
You closely miss the bat. You closely miss the frilled lizard.
The bat hits you but does no damage. The frilled lizard bites you.
Unknown command.
There are monsters nearby!
You hit the bat but do no damage. You slash the frilled lizard!
You kill the frilled lizard!
The bat completely misses you. The bat hits you but does no damage.
Unknown command.
You barely miss the bat. The bat hits you but does no damage. x2
Unknown command.
You closely miss the bat. The bat hits you.
Unknown command.
You slash the bat!
You kill the bat!
You see here a frilled lizard corpse.
Found a ring mail.
No target in view!
A giant cockroach comes into view.
You block the giant cockroach's attack. The giant cockroach bites you.
Unknown command.
Are you sure you want to abandon this character and quit the game? (Confirm with "yes".)

##### #...#
#...# #..?#
########...+
#..........#
##.......@B.#
[........##.#
.........# #
#.......# .#
##.###..##.# #
##..#.# ##†#.#
##.#####...#####
........†.......


You could see a giant cockroach.

Vanquished Creatures
  An endoplasm (D:1)
  3 jackals (D:1)
  A kobold (D:1)
  2 bats (D:1)
  A frilled lizard (D:1)
  A goblin (D:1)
9 creatures vanquished.

Notes
Turn   | Place    | Note
-------+----------+-------------------------------------------
     0 | D:1      | Morbidden the Demonspawn Fighter began the quest for the
                  | Orb.
     0 | D:1      | Reached XP level 1. HP: 18/18 MP: 1/1
   257 | D:1      | Gained mutation: A weak demonic guardian rushes to your
                  | aid. [demonic ancestry]
   257 | D:1      | Reached XP level 2. HP: 24/24 MP: 2/2
   274 | D:1      | Quit the game

Illustrated notes

Levels and vault maps discovered:
D:1:      dpeg_arrival_signposts, layout_basic, serial_shops,
          nicolae_shop_advertising_works [nicolae_subvault_shop_adworks]

Skill      XL: |  1 |
---------------+----+-----
Axes           | 2 |  2.1
Fighting       | |  3.1
Armour         | |  2.7
Shields        | |  2.9

Action                     || total
---------------------------++-------
  Melee: War axe           ||    30
 Armour: Scale mail        ||    22
  Dodge: Dodged            ||    15
  Block: Buckler           ||     4

Table legend: (Time is in decaauts)
 A = Elapsed time spent in this place.
 B = Non-inter-level travel time spent in this place.
 C = Inter-level travel time spent in this place.
 D = Time resting spent in this place.
 E = Time spent auto-exploring this place.
 F = Levels seen in this place.
 G = Mean time per level.
                   A        B        C        D        E       F      G
               +--------+--------+--------+--------+--------+-----+--------+
         Total |    287 |    287 |      0 |      0 |    228 |   1 |  287.0 |
       Dungeon |    287 |    287 |      0 |      0 |    228 |   1 |  287.0 |
               +--------+--------+--------+--------+--------+-----+--------+

Top non-repeatable levels by time:
     D:1: 287 daAuts
